 Dungeon Crawl Stone Soup version 0.17.1-1-g73c8601 (webtiles) character file.

3255 shmeve the Blocker (level 9, -42/81 HPs)
             Began as a Minotaur Berserker on Apr 23, 2016.
             Was an Elder of Trog.
             Annihilated by a very large slime creature (50 damage)
             ... on level 8 of the Dungeon.
             The game lasted 00:14:02 (5299 turns).

shmeve the Blocker (Minotaur Berserker)             Turns: 5299, Time: 00:14:02

Health: -42/81     AC: 15    Str: 24    XL:     9   Next: 67%
Magic:  8/8        EV:  8    Int:  5    God:    Trog [****..]
Gold:   564        SH:  6    Dex: 10    Spells: 0 memorised, 8 levels left

rFire  . . .     SeeInvis .     y - +1 war axe
rCold  . . .     Clarity  .     b - +0 plate armour
rNeg   . . .     SustAt   .     m - +0 buckler
rPois  +         Gourm    +     (helmet restricted)
rElec  .         Spirit   .     o - +1 cloak {rPois}
rCorr  .         Warding  .     (no gloves)
rMut   .         Stasis   .     u - +0 pair of boots
MR     ++...                    a - amulet of the gourmand
Stlth  ..........               (no ring)
                                (no ring)

@: exhausted, regenerating, slowed, very slow, very resistant to hostile
enchantments, extremely unstealthy
A: retaliatory headbutt, horns 2
a: Berserk, Trog's Hand, Brothers in Arms, Burn Spellbooks, Renounce Religion


You were on level 8 of the Dungeon.
You worshipped Trog.
Trog was greatly pleased with you.
You were very full.

You visited 2 branches of the dungeon, and saw 9 of its levels.

You collected 564 gold pieces.

Inventory:

Hand Weapons
 y - a +1 war axe (weapon)
Missiles
 j - 3 javelins of returning (quivered)
Armour
 b - a +0 plate armour (worn)
 m - a +0 buckler (worn)
 o - a +1 cloak of poison resistance (worn)
 u - a +0 pair of boots (worn)
Jewellery
 a - an amulet of the gourmand (around neck)
Scrolls
 g - a scroll of summoning {unknown}
 i - 2 scrolls of remove curse
 l - a scroll of magic mapping
 n - 2 scrolls of random uselessness
 q - 2 scrolls of fog
 s - 2 scrolls of teleportation
 t - a scroll of fear {unknown}
 D - a scroll of enchant armour {unknown}
 F - a scroll of recharging {unknown}
 G - a scroll of acquirement {unknown}
Potions
 d - a potion of haste
 e - a potion of lignification
 h - a potion of agility
 k - a potion of brilliance
 p - 2 potions of flight
 r - a potion of cure mutation {unknown}
 v - 3 potions of heal wounds
 w - 2 potions of curing {unknown}
 x - a potion of might {unknown}
 z - 2 potions of invisibility {unknown}
 A - 2 potions of degeneration {unknown}
 E - a potion of resistance
Comestibles
 c - 7 bread rations
 f - 2 meat rations
 B - a beef jerky
 C - 2 slices of pizza
 H - a chunk of flesh


   Skills:
 * Level 7.9 Fighting
 * Level 7.6 Axes
 + Level 4.5 Throwing
 + Level 5.1 Armour
 + Level 5.1 Dodging
 * Level 9.6 Shields


You had 8 spell levels left.
You didn't know any spells.

Dungeon Overview and Level Annotations

Branches:
Dungeon (8/15)             Temple (1/1) D:5
   Lair: D:8-11

Altars:
Cheibriados
Dithmenos
Elyvilon
Fedhas
Kikubaaqudgha
Makhleb
Qazlal
Trog

Shops:
D:6 ?   D:7 %


Innate Abilities, Weirdness & Mutations

You reflexively headbutt those who attack you in melee.
You have a pair of horns on your head.


Message History

The adder bites you but does no damage.
The very large slime creature barely misses you.
You barely miss the very large slime creature.
You headbutt the very large slime creature!
The very large slime creature is lightly wounded.
You barely miss the adder. The adder bites you but does no damage.
The very large slime creature hits you!!!
Ouch! That really hurt!
* * * LOW HITPOINT WARNING * * *
The adder bites you but does no damage.
The very large slime creature barely misses you.
You barely miss the very large slime creature.
The very large slime creature is lightly wounded.
You closely miss the adder. The adder bites you.
* * * LOW HITPOINT WARNING * * *
The adder bites you.
* * * LOW HITPOINT WARNING * * *
The very large slime creature hits you!!!
Ouch! That really hurt!
You die...

. ..... .. ##...
#.### #..# .
....###)# ####
#.....
#..#).###.....
#.....
#...#(...#
#.....
##..(.(####
#.....##..S####
#.........@Jr###
#.....##.###rY.#
#........# ###o#
.. #......###
#.# #. #......#


#ltJrJYrr .. #......# ##rYYYol. #. ###....# rrt.oo. #.# ##..## #Y.oJ..
####..###....# ...P.. You could see a very large slime creature, a yak, an orc
warrior, a porcupine, an adder and a river rat.

Vanquished Creatures
  Joseph (D:7)
  Psyche (D:8)
  Grinder (D:6)
  A water moccasin (D:7)
  Duvessa (D:6)
  A phantom (D:4)
  2 sky beasts (D:6)
  2 porcupines (D:8)
  An ice beast (D:7)
  A necrophage (D:5)
  3 ogres
  A centaur (D:8)
  A giant frog (D:7)
  Dowan (D:6)
  2 scorpions
  A quasit (D:7)
  2 hounds
  A centaur skeleton (D:6)
  3 crimson imps
  Crazy Yiuf (D:6)
  2 orc priests
  A jelly (D:7)
  An orc wizard (D:8)
  A gnoll shaman (D:6)
  5 worker ants
  A giant frog skeleton (D:6)
  An iguana (D:6)
  Natasha (thrice) (D:4)
  8 gnolls
  5 adders
  A river rat (D:8)
  3 oozes
  An adder zombie (D:6)
  2 worms (D:2)
  4 giant geckos
  13 orcs
  2 giant cockroaches
  10 goblins
  7 hobgoblins
  19 jackals
  2 ball pythons
  9 bats
  A giant gecko skeleton (D:5)
  A giant gecko zombie (D:7)
  5 giant newts
  A jackal skeleton (D:8)
  9 kobolds
  A quokka (D:2)
  A quokka skeleton (D:4)
  8 rats
156 creatures vanquished.

Vanquished Creatures (collateral kills)
  2 basilisks (D:8)
2 creatures vanquished.

Vanquished Creatures (others)
  3 bushes (D:8)
  3 fungi (D:8)
  10 plants (D:8)
16 creatures vanquished.

Grand Total: 174 creatures vanquished

Notes
Turn   | Place    | Note
--------------------------------------------------------------
     0 | D:1      | shmeve the Minotaur Berserker began the quest for the Orb.
     0 | D:1      | Reached XP level 1. HP: 19/19 MP: 0/0
   232 | D:1      | Reached XP level 2. HP: 22/27 MP: 1/1
   258 | D:1      | Reached skill level 4 in Fighting
   452 | D:1      | Reached ** piety under Trog
   543 | D:1      | Reached skill level 1 in Throwing
   587 | D:1      | Reached XP level 3. HP: 28/33 MP: 2/2
   685 | D:2      | Found a faded altar to an unknown god.
  1048 | D:2      | Found a snail-covered altar of Cheibriados.
  1189 | D:2      | Reached *** piety under Trog
  1189 | D:2      | Reached skill level 1 in Shields
  1215 | D:2      | Reached XP level 4. HP: 36/41 MP: 3/3
  1797 | D:3      | Reached **** piety under Trog
  2186 | D:4      | Noticed Natasha
  2193 | D:4      | Killed Natasha
  2193 | D:4      | Reached XP level 5. HP: 40/47 MP: 4/4
  2230 | D:4      | Noticed an ogre
  2232 | D:4      | Noticed a phantom
  2237 | D:4      | Killed an ogre
  2237 | D:4      | Reached skill level 5 in Shields
  2240 | D:4      | Reached XP level 6. HP: 53/53 MP: 5/5
  2241 | D:4      | Killed a phantom
  2241 | D:4      | Reached skill level 6 in Shields
  2366 | D:4      | Found a blossoming altar of Fedhas.
  2475 | D:4      | Noticed Natasha
  2479 | D:4      | Killed Natasha
  2668 | D:4      | Noticed Natasha
  2670 | D:4      | Killed Natasha
  2736 | D:5      | Entered Level 5 of the Dungeon
  2777 | D:5      | Reached XP level 7. HP: 43/60 MP: 6/6
  2910 | D:5      | Reached skill level 5 in Fighting
  2937 | D:5      | Reached skill level 7 in Shields
  3229 | D:5      | Found a staircase to the Ecumenical Temple.
  3352 | Temple   | Entered the Ecumenical Temple
  3409 | D:6      | Reached skill level 5 in Axes
  3543 | D:6      | Received a gift from Trog
  3679 | D:6      | Noticed Crazy Yiuf
  3688 | D:6      | Killed Crazy Yiuf
  3781 | D:6      | Reached XP level 8. HP: 63/70 MP: 7/7
  3804 | D:6      | Noticed Grinder
  3815 | D:6      | Killed Grinder
  3815 | D:6      | Reached skill level 8 in Shields
  3865 | D:6      | Found Liju's Magic Scroll Boutique.
  3995 | D:6      | Noticed Dowan
  3999 | D:6      | Noticed Duvessa
  4005 | D:6      | Killed Dowan
  4010 | D:6      | Killed Duvessa
  4164 | D:7      | Noticed Joseph
  4186 | D:7      | Killed Joseph
  4186 | D:7      | Reached XP level 9. HP: 35/78 MP: 8/8
  4419 | D:7      | Found a bloodstained altar of Trog.
  4470 | D:7      | Found Ehossot's Food Shop.
  4511 | D:7      | Found an ancient bone altar of Kikubaaqudgha.
  4537 | D:7      | Reached ***** piety under Trog
  4755 | D:7      | Found a shadowy altar of Dithmenos.
  4759 | D:7      | Found a burning altar of Makhleb.
  4768 | D:7      | Reached skill level 9 in Shields
  5122 | D:8      | Noticed Psyche
  5136 | D:8      | Killed Psyche
  5168 | D:8      | Reached skill level 5 in Armour
  5256 | D:8      | Reached skill level 5 in Dodging
  5299 | D:8      | Annihilated by a very large slime creature

Action                   |  1- 3 |  4- 6 |  7- 9 || total
-------------------------+-------+-------+-------++-------
Melee: Hand axe          |    82 |    83 |       ||   165
       War axe           |       |     9 |   256 ||   265
Throw: Javelin           |       |       |     8 ||     8
Invok: Burn Spellbooks   |       |     1 |     2 ||     3
       Berserk           |       |     1 |     2 ||     3
       Trog's Hand       |       |       |     5 ||     5
       Brothers in Arms  |       |       |     1 ||     1
  Use: Scroll            |       |       |    16 ||    16
 Stab: Sleeping          |       |     1 |       ||     1
  Eat: Chunk             |     1 |     6 |    25 ||    32
